 Dungeon Crawl Stone Soup version 0.21.0-3-g78d12a8 (webtiles) character file.

212 MovingMist the Ducker (level 5, -2/41 HPs)
             Began as a Demonspawn Gladiator on Jan 9, 2018.
             Killed by nerve-wracking pain
             ... invoked by Grinder
              (14 damage)
             ... on level 3 of the Dungeon.
             The game lasted 00:05:59 (1871 turns).

MovingMist the Ducker (Demonspawn Gladiator)        Turns: 1871, Time: 00:06:01

Health: -2/41      AC: 11    Str: 15    XL:     5   Next: 58%
Magic:  5/5        EV:  8    Int:  9    God:
Gold:   111        SH:  0    Dex: 15    Spells: 4/4 levels left

rFire    . . .     SeeInvis .   a - +0 war axe
rCold    . . .     Gourm    .   (no shield)
rNeg     . . .     Faith    .   p - +0 chain mail
rPois    .         Spirit   .   c - +0 helmet
rElec    .         Reflect  .   (no cloak)
rCorr    .         Harm     .   (no gloves)
MR       .....                  (no boots)
Stlth    ..........             (no amulet)
HPRegen  0.13/turn              (no ring)
MPRegen  0.09/turn              (no ring)

@: lethally poisoned (-2 -> -2)
A: thin metallic scales 1, powered by death 1
a: no special abilities


You were on level 3 of the Dungeon.
You were not hungry.

You visited 1 branch of the dungeon, and saw 3 of its levels.

You collected 111 gold pieces.

Inventory:

Hand Weapons
 a - a +0 war axe (weapon)
Missiles
 d - 3 throwing nets (quivered)
Armour
 c - a +0 helmet (worn)
 p - a +0 chain mail (worn)
Scrolls
 h - 3 scrolls of magic mapping {unknown}
 i - 4 scrolls of teleportation {unknown}
 j - 5 scrolls of enchant armour {unknown}
 n - a scroll of blinking {unknown}
 o - 2 scrolls of identify {unknown}
Potions
 b - 2 potions of heal wounds {unknown}
 e - a potion of agility {unknown}
 k - 3 potions of haste {unknown}
 l - 2 potions of resistance {unknown}
 m - a potion of curing {unknown}
Comestibles
 f - 3 rations
 g - 5 chunks of flesh


   Skills:
 + Level 3.3 Fighting
 + Level 3.6 Axes
 - Level 1.7 Throwing
 * Level 4.5 Dodging


You had 4 spell levels left.
You didn't know any spells.

Dungeon Overview and Level Annotations

Branches:
Dungeon (3/15)

Altars:
Ru

Annotations:
D:3 Grinder


Innate Abilities, Weirdness & Mutations

You are partially covered in thin metallic scales. (AC +2)
You regenerate a little health from kills.


Message History

Grinder is severely wounded.
You miss the adder. The adder bites you. Grinder hits you but does no damage.
The adder bites you but does no damage. Grinder barely misses you.
You closely miss Grinder.
Grinder is severely wounded.
You hit the adder. The adder bites you but does no damage.
Grinder gestures at you. You resist with significant effort.
The adder bites you but does no damage.
You barely miss Grinder.
Grinder is severely wounded.
You closely miss the adder.
You feel sick. Grinder hits you!
You writhe in agony.
The adder bites you.
* * * LOW HITPOINT WARNING * * *
You hit Grinder.
Grinder is almost dead.
Your chain mail prevents you from hitting the adder.
The adder bites you but does no damage. Grinder gestures at you.
Pain shoots through your body!
You die...

#.# #.# #.##..#.# #.#
#.# #.##..#.# #.# ..#
#.##..#.# ..## ###
#.##....# ## #.#
#.#..#..# ###.###
#.#.###.. #^....#
#.#..#..#
###.####5###.###.##....#
......S@...#........##.#
.#########...###.......#
##...oYZg##..# #########
#8.#...#Z8#...#
#...#.#.($#.#.#
#.......)?#..?#
#..©....$_#©..#
#.......%.#..##
.#.#.)$#.##


You could see Grinder, a sky beast, an adder, an orc, a ball python zombie, a
goblin and an adder skeleton.

Vanquished Creatures
  An orc priest (D:3)
  Natasha (twice) (D:2)
  An orc wizard (D:3)
  3 adders (D:2)
  An ooze (D:1)
  A dart slug (D:1)
  A leopard gecko (D:1)
  3 orcs (D:3)
  2 ball pythons (D:1)
  10 bats
  4 giant cockroaches
  5 goblins
  10 hobgoblins
  7 jackals (D:2)
  A quokka (D:3)
  2 frilled lizards
  7 kobolds
  10 rats
71 creatures vanquished.

Notes
Turn   | Place    | Note
-------+----------+-------------------------------------------
     0 | D:1      | MovingMist the Demonspawn Gladiator began the quest for the Orb.
     0 | D:1      | Reached XP level 1. HP: 16/16 MP: 1/1
   125 | D:1      | Reached skill level 3 in Dodging
   125 | D:1      | Gained mutation: You are partially covered in thin metallic scales. (AC +2) [demonic ancestry]
   125 | D:1      | Reached XP level 2. HP: 17/22 MP: 2/2
   393 | D:1      | Reached XP level 3. HP: 17/28 MP: 3/3
   991 | D:2      | Gained mutation: You regenerate a little health from kills. [demonic ancestry]
   991 | D:2      | Reached XP level 4. HP: 14/34 MP: 4/4
  1137 | D:2      | Noticed Natasha
  1152 | D:2      | Killed Natasha
  1152 | D:2      | Reached skill level 4 in Dodging
  1229 | D:2      | Noticed Natasha
  1237 | D:2      | Killed Natasha
  1237 | D:2      | Reached XP level 5. HP: 27/41 MP: 5/5
  1851 | D:3      | Found a sacrificial altar of Ru.
  1854 | D:3      | Noticed a sky beast
  1854 | D:3      | Noticed Grinder
  1871 | D:3      | Killed from afar by Grinder

Skill      XL: |  1  2  3  4 |
---------------+-------------+-----
Dodging        | 3 4 |  4.5
Axes           | 3 |  3.6
Fighting       | 3 |  3.3
Throwing       | |  1.7

Action                   |  1- 3 |  4- 6 || total
-------------------------+-------+-------++-------
Melee: War axe           |   131 |   107 ||   238
  Eat: Chunk             |     1 |     3 ||     4
Armor: Leather armour    |     9 |       ||     9
       Ring mail         |    55 |     5 ||    60
       Chain mail        |       |    80 ||    80
Dodge: Dodged            |   164 |    50 ||   214
